Map: Abyssal Reef LE

Players

ShoWTimE - Winner!

  • Race: Protoss Protoss
  • Spawn Location: 5:00

SouLeer (souL)

  • Race: Zerg Zerg
  • Spawn Location: 11:00

Event: WCS Valencia 2017

VOD

Have the link to the VOD?

Description

Time

  • Played on: July 13, 2017, 7:08 a.m.
  • Length: 4:22

All games in this series

Show
View Real Time Build Order
Export as new Build Order

ShoWTimE Protoss - Winner!

Build Orders: 1 Gate Expand 

Get SALT Encoding   

  12  0:01  Probe (Chrono Boost)  
  13  0:11  Probe (Chrono Boost)  
  14  0:18  Pylon  
  14  0:22  Probe (Chrono Boost)  
  15  0:36  Probe (Chrono Boost)  
  15  0:39  Gateway  
  16  0:46  Probe (Chrono Boost)  
  16  0:49  Assimilator  
  17  0:57  Probe (Chrono Boost)  
  18  1:08  Probe (Chrono Boost)  
  19  1:23  Nexus  
  19  1:28  Probe (Chrono Boost)  
  20  1:36  Cybernetics Core  
  20  1:40  Probe (Chrono Boost)  
  20  1:46  Assimilator  
  21  1:51  Probe (Chrono Boost)  
  22  1:54  Pylon  
  23  2:01  Probe (Chrono Boost)  
  23  2:12  Probe (Chrono Boost)  
  23  2:13  Adept (Chrono Boost)  
  23  2:14  Warp Gate  
  26  2:24  Probe  
  26  2:27  Robotics Facility  
  27  2:34  Probe  
  27  2:36  Probe  
  29  2:40  Stalker (Chrono Boost)  
  31  2:44  Probe  
  31  2:48  Probe  
  33  2:55  Probe  
  34  3:00  Probe  
  35  3:05  Probe  
  35  3:09  Gateway  
  35  3:10  Adept (Chrono Boost)  
  35  3:12  Probe  
  39  3:16  Pylon, Probe  
  40  3:24  Probe  
  41  3:28  Warp Prism (Chrono Boost)  
  41  3:30  Probe  
  44  3:35  Pylon  
  44  3:37  Probe  
  45  3:43  Twilight Council  
  45  3:47  Sentry (Chrono Boost)  
  48  3:49  Probe, Mothership Core  
  50  3:56  Assimilator  
  50  3:59  Assimilator  
  50  4:01  Probe  
  51  4:07  Gateway  
  47  4:20  Sentry  
Show
View Real Time Build Order
Export as new Build Order

SouLeer Zerg 

Build Orders: Hatch First 

Get SALT Encoding   

  12  0:00  Drone  
  13  0:12  Overlord  
  13  0:17  Drone  
  14  0:31  Drone x2  
  14  0:35  Drone  
  17  0:57  Drone  
  17  0:59  Hatchery  
  17  1:01  Drone  
  18  1:11  Extractor  
  17  1:15  Spawning Pool  
  16  1:19  Drone  
  16  1:21  Drone  
  18  1:29  Drone  
  19  1:38  Overlord  
  19  1:50  Drone  
  20  2:02  Queen, Zergling x2  
  23  2:10  Queen  
  23  2:11  Zergling x2  
  23  2:13  Metabolic Boost  
  23  2:15  Zergling x2  
  27  2:22  Zergling x4  
  29  2:33  Zergling x4  
  31  2:48  Hatchery  
  31  2:49  Zergling x2  
  31  2:53  Zergling x2  
  32  3:02  Baneling Nest  
  30  3:06  Zergling x2  
  30  3:07  Zergling x2  
  30  3:11  Zergling x4  
  34  3:18  Overlord  
  34  3:22  Zergling x2  
  34  3:25  Zergling x2  
  36  3:31  Overlord  
  36  3:47  Baneling x5  
  36  3:48  Baneling  
  36  3:50  Zergling x4  
  36  3:53  Zergling x6  
  36  3:54  Zergling x4  
  43  3:57  Overlord  
  43  4:05  Zergling x2  
Tags
 
Add a new tag
Caveats
  • Supply blocks, unpowered buildings, or Contaminate may cause inaccurate times.
  • Supply counts are checked every 10 seconds.